 Dungeon Crawl Stone Soup version 0.19-a0-1007-g133f65f (webtiles) character file.

2657 Etesian the Cruncher (level 9, 5/72 HPs)
             Began as a Formicid Fighter on July 19, 2016.
             Quit the game in a bailey.
             The game lasted 00:17:02 (6682 turns).

Etesian the Cruncher (Formicid Fighter)             Turns: 6682, Time: 00:17:03

Health: 5/72       AC: 11    Str: 21    XL:     9   Next: 94%
Magic:  9/9        EV: 14    Int:  8    God:
Gold:   350        SH: 13    Dex: 13    Spells: 0 memorised, 8 levels left

rFire  . . .     SeeInvis +     a - +1 quarterstaff
rCold  . . .     Gourm    .     b - +0 scale mail
rNeg   + . .     Faith    .     c - +2 shield {rN+}
rPois  .         Spirit   .     (helmet unavailable)
rElec  .         Dismiss  .     (no cloak)
rCorr  .         Reflect  .     B - +2 pair of gloves {archery}
SustAt .         Harm     .     (no boots)
MR     .....                    (no amulet)
Stlth  ..........               o - ring of loudness (curse)
                                x - +5 ring of evasion

@: not resistant to hostile enchantments, extremely unstealthy
A: permanent stasis, dig shafts and tunnels, four strong arms, antennae 3
a: Dig, Shaft Self


You were in a bailey.
You were not hungry.

You visited 1 branch of the dungeon, and saw 7 of its levels.
You also visited: Sewer and Bailey.

You collected 545 gold pieces.
You spent 195 gold pieces at shops.

Inventory:

Hand Weapons
 a - a +1 quarterstaff (weapon)
Armour
 b - a +0 scale mail (worn)
 c - a +2 shield of positive energy (worn)
 B - a +2 pair of gloves of archery (worn)
Jewellery
 g - a +3 ring of strength
 i - an uncursed ring of protection from fire
 o - a cursed ring of loudness (right hand)
 x - a +5 ring of evasion (left hand)
Wands
 v - a wand of slowing (36/48)
 y - a wand of flame (43/48)
Scrolls
 k - 7 scrolls of remove curse
 l - 2 scrolls of fog
 p - 2 scrolls of enchant armour
 q - a scroll of fear
 u - a scroll of amnesia
 w - a scroll of identify
 A - a scroll of recharging
Potions
 d - 2 potions of heal wounds {unknown}
 e - 3 potions of curing
 h - 3 potions of brilliance {unknown}
 j - 4 potions of flight
 n - 2 potions of agility
 s - a potion of might
 z - a potion of ambrosia
Comestibles
 f - 2 bread rations
 m - 6 meat rations
 r - 2 slices of pizza


   Skills:
 + Level 7.1 Fighting
 * Level 8.4 Staves
 + Level 7.2 Armour
 + Level 7.5 Shields


You had 8 spell levels left.
You didn't know any spells.

Dungeon Overview and Level Annotations

Branches:
Dungeon (7/15)             Temple (0/1) D:7

Altars:
Ashenzari
Cheibriados
Fedhas
Hepliaklqana
Kikubaaqudgha
Nemelex Xobeh
Uskayaw
Xom
Yredelemnul

Shops:
D:5 !


Innate Abilities, Weirdness & Mutations

You are under a permanent stasis effect.
You can dig through walls and to a lower floor.
Your four strong arms can wield two-handed weapons with a shield.
You have a pair of large antennae on your head. (SInv)


Message History

The orc knight roars a battlecry!
The orcs go into a battle-frenzy!
You start waiting.
All of the chunks of flesh in your inventory have rotted away.
The orc no longer looks unusually strong.
The orc warrior no longer looks unusually strong.
The orc warrior no longer looks unusually strong.
You block the orc's attack. You block the orc warrior's attack.
The orc knight roars a battlecry!
The orcs go into a battle-frenzy!
You block the orc knight's attack.
The orc knight hits you from afar with a glaive.
You take 6 damage, and have 66/72 hp.
The orc knight hits you from afar with a glaive!!
The orc warrior hits you from afar with a trident!!
The orc knight hits you from afar with a halberd!!
* * * LOW HITPOINT WARNING * * *
You take 62 damage, and have 4/72 hp.
MASSIVE DAMAGE!!
Are you sure you want to abandon this character and quit the game? (Confirm with "yes".)

##### #...# {
#########∩#######
##.....##.∩.##....
#..≈≈≈..#...#..≈≈≈
#.≈≈o≈≈.......≈≈o≈
{
+.≈ooo≈.......≈ooo
#@≈≈o≈≈.......≈≈o≈
#..≈≈≈..#...#..≈≈≈
##.....##...##....
{
#########∩#######
###


You could see 2 orc knights, 2 orc warriors and an orc.

Vanquished Creatures
  Grinder (D:3)
  A hippogriff (D:7)
  2 orc warriors
  An ice beast (D:6)
  A black bear (D:5)
  A sky beast (D:7)
  2 ogres
  A phantom (D:5)
  A centaur (D:6)
  A big kobold (Sewer)
  3 giant frogs (D:6)
  A water moccasin zombie (D:7)
  2 scorpions
  4 wights (D:6)
  4 crimson imps
  A centaur zombie (D:7)
  2 hounds
  A quasit (D:7)
  2 giant frog skeletons (D:6)
  8 orc wizards
  An iguana (D:4)
  A jelly (D:6)
  4 worker ants
  A hound skeleton (D:4)
  9 adders
  A river rat (Sewer)
  3 shadow imps
  2 oozes
  An adder zombie (D:5)
  An adder skeleton (D:6)
  A worm (D:3)
  A dart slug (D:5)
  4 giant geckos
  20 orcs
  10 bats
  6 giant cockroaches
  11 goblins
  3 hobgoblins
  11 jackals
  3 quokkas
  A giant gecko skeleton (D:5)
  3 giant newts
  13 kobolds
  9 rats
160 creatures vanquished.

Notes
Turn   | Place    | Note
-------+----------+-------------------------------------------
     0 | D:1      | Etesian the Formicid Fighter began the quest for the Orb.
     0 | D:1      | Reached XP level 1. HP: 18/18 MP: 1/1
    66 | D:1      | Reached XP level 2. HP: 22/24 MP: 2/2
   307 | D:1      | Reached XP level 3. HP: 28/29 MP: 3/3
  1057 | D:2      | Found a basalt altar of Yredelemnul.
  1058 | D:2      | Found an ancient bone altar of Kikubaaqudgha.
  1059 | D:2      | Found a blossoming altar of Fedhas.
  1117 | D:2      | Reached XP level 4. HP: 11/36 MP: 4/4
  1321 | D:2      | Found a shattered altar of Ashenzari.
  1425 | D:2      | Found a hide-covered altar of Uskayaw.
  1426 | D:2      | Found a shimmering altar of Xom.
  1426 | D:2      | Found a hazy altar of Hepliaklqana.
  1429 | D:2      | Found a snail-covered altar of Cheibriados.
  1561 | D:2      | Reached skill level 3 in Staves
  1975 | D:3      | Reached XP level 5. HP: 33/42 MP: 5/5
  2187 | D:3      | Noticed Grinder
  2198 | D:3      | Killed Grinder
  2198 | D:3      | Reached skill level 4 in Staves
  2198 | D:3      | Reached XP level 6. HP: 49/49 MP: 6/6
  2385 | D:3      | Noticed an ogre
  2392 | D:3      | Killed an ogre
  2392 | D:3      | Reached XP level 7. HP: 51/55 MP: 7/7
  2728 | D:4      | Found a glowing drain.
  2736 | Sewer    | Entered a sewer
  2845 | Sewer    | Reached skill level 5 in Armour
  2845 | Sewer    | Reached skill level 5 in Shields
  3095 | Sewer    | Found a white marble altar of Elyvilon.
  3239 | D:4      | Reached skill level 5 in Fighting
  3239 | D:4      | Reached skill level 5 in Staves
  3913 | D:5      | Entered Level 5 of the Dungeon
  3960 | D:5      | Reached XP level 8. HP: 54/62 MP: 8/8
  4254 | D:5      | Found a sparkling altar of Nemelex Xobeh.
  4359 | D:5      | Reached skill level 6 in Staves
  4395 | D:5      | Found Boaclyni's Distillery.
  4398 | D:5      | Bought a potion of agility for 52 gold pieces
  4398 | D:5      | Bought a potion of ambrosia for 104 gold pieces
  4398 | D:5      | Bought a potion of flight for 39 gold pieces
  4787 | D:6      | Reached XP level 9. HP: 38/69 MP: 9/9
  5028 | D:6      | Reached skill level 7 in Staves
  5737 | D:7      | Reached skill level 8 in Staves
  6061 | D:7      | Found a staircase to the Ecumenical Temple.
  6157 | D:7      | Found a flagged portal.
  6165 | Bailey   | Entered a bailey
  6165 | Bailey   | Noticed an orc knight
  6166 | Bailey   | Noticed an orc knight
  6682 | Bailey   | Quit the game

Vault maps used:
D:1:      shiori_shiawase, corexii_corridor_pit, minmay_hexomino_f4
D:2:      minmay_kobold_bridge, ashenzari_altar_1, grunt_temple_overflow_open,
          first_bread
D:3:      uniq_grinder
D:4:      kennysheep_spiral_hall, lightli_sewer_entry_pipes
D:5:      lemuel_coloured_pillars_altar, serial_shops, kennysheep_mini_moat
D:7:      lightli_bailey_entry_fortress
Sewer:    sewer_kobolds
Bailey:   bailey_polearm_4, bailey

Skill      XL: |  1  2  3  4  5  6  7  8  9 |
---------------+----------------------------+-----
Armour         | 4 5 6 7 |  7.2
Staves         | 3 4 5 6 8 |  8.4
Shields        | 4 5 6 7 |  7.5
Fighting       | 4 5 6 7 |  7.1

Action                   |  1- 3 |  4- 6 |  7- 9 || total
-------------------------+-------+-------+-------++-------
Melee: Quarterstaff      |   119 |    86 |   475 ||   680
 Abil: Dig               |     1 |     1 |     6 ||     8
  Use: Scroll            |     4 |       |     9 ||    13
       Potion            |       |     1 |     3 ||     4
  Eat: Chunk             |       |     5 |    11 ||    16
       Bread ration      |       |       |     1 ||     1
Armor: Scale mail        |    55 |    49 |   108 ||   212
Dodge: Dodged            |    44 |    25 |   170 ||   239
Block: Shield            |    81 |    40 |   265 ||   386
